 Dungeon Crawl Stone Soup version bcrawl-1.12-11-gb93c957c58 (webtiles) character file.

Game seed: 5527977555689246858

18697 Chiseanne the Blocker (level 12, -8/89 HPs)
             Began as a Sand Dwarf Archaeologist on July 10, 2019.
             Was an Elder of Vehumet.
             Mangled by a sixfirhy (10 damage)
             ... summoned by an orc high priest
             ... in the Orcish Mines.
             The game lasted 00:45:18 (11533 turns).

Chiseanne the Blocker (Sand Dwarf Archaeologist)   Turns: 11533, Time: 00:45:19

Health: -8/89      AC: 20    Str: 21    XL:     12   Next: 61%
Magic:  26/26      EV: 18    Int: 17    God:    Vehumet [****..]
Gold:   989        SH: 13    Dex: 17    Spells: 21/31 levels left

rFire    + . .     SeeInvis .   a - +8 arc blade {discharge, rElec}
rCold    . . .     Gourm    .   K - +0 shield
rNeg     . . .     Faith    +   H - +0 troll leather armour
rPois    .         Spirit   .   J - +0 helmet
rElec    +         Reflect  .   S - +0 cloak
rCorr    .         Harm     .   d - +1 pair of gloves
MR       +....                  r - +2 pair of boots
Stlth    +++.......             L - amulet of faith
HPRegen  0.64/turn              k - ring of protection from fire
MPRegen  0.20/turn              i - +6 ring of protection

@: mighty, agile, lightly drained, slow
A: small, slowness 1, armour attunement
a: Renounce Religion


You were in the Orcish Mines.
You worshipped Vehumet.
Vehumet was greatly pleased with you.
You were not hungry.

You visited 3 branches of the dungeon, and saw 13 of its levels.

You collected 1265 gold pieces.
You spent 276 gold pieces at shops.

Inventory:

Hand Weapons
 a - the +8 arc blade (weapon) {discharge, rElec}

   It insulates you from electricity.
 s - a +3 dagger of venom
 B - a +2 dagger of chaos
 V - a +0 blowgun
Missiles
 e - 578 sling bullets
 l - 1719 arrows
 t - 98 tomahawks of dispersal {!f}
 u - 462 tomahawks (quivered)
 z - 2273 stones
 A - 352 poisoned needles
 G - 1012 bolts
 U - 11 curare-tipped needles
Armour
 d - a +1 pair of gloves (worn)
 r - a +2 pair of boots (worn)
 H - a +0 troll leather armour (worn)
 J - a +0 helmet (worn)
 K - a +0 shield (worn)
 M - a +1 ring mail of poison resistance
 R - +0 acid dragon scales
 S - a +0 cloak (worn)
Jewellery
 i - a +6 ring of protection (right hand)
 k - a ring of protection from fire (left hand)
 L - an amulet of faith (around neck)
Wands
 b - a wand of flame (40)
 f - a wand of iceblast (20)
 p - a wand of polymorph (17)
 D - a wand of random effects (7)
 Q - a wand of enslavement (5)
 T - a wand of digging (5)
Scrolls
 j - 4 scrolls of remove curse
 n - 3 scrolls of immolation
 v - 3 scrolls of amnesia
 N - 2 scrolls of magic mapping
 W - a scroll of enchant weapon
 Y - a scroll of fog
Potions
 c - a potion of cancellation
 h - 2 potions of curing
 m - 3 potions of brilliance
 o - 5 potions of might
 q - a potion of resistance
 w - 3 potions of haste
 x - 4 potions of lignification
 E - a potion of magic
 I - a potion of agility
 O - a potion of invisibility {unknown}
 X - a potion of flight
 Z - a potion of ambrosia
Miscellaneous
 P - a lightning rod (1/4)
Comestibles
 g - 20 rations {!d}


   Skills:
 - Level 3.4(3.0) Fighting
 - Level 7.8(7.3) Short Blades
 - Level 9.1(8.6) Armour
 - Level 2.4(1.9) Dodging
 - Level 2.4(1.9) Stealth
 * Level 12.0(11.4) Shields
 * Level 10.3(9.8) Spellcasting
 * Level 2.5(2.0) Conjurations


You had 21 spell levels left.
You knew the following spells:

 Your Spells              Type           Power        Failure   Level  Hunger
a - Dazzling Spray        Conj/Hex       ##....       11%         3    None
b - Iskenderun's Mystic   Conj           ###.....     7%          3    None
c - Sticky Flame          Conj/Fire      ##......     32%         4    ###....

Your spell library contained the following spells:

 Spells                   Type           Power        Failure   Level  Hunger
 Animate Skeleton         Necr           N/A          22%         1    None
 Beastly Appendage        Tmut           #.....       22%         1    None
 Pain                     Necr           #...         22%         1    None
 Sticks to Snakes         Tmut           #.......     32%         2    None
 Yara's Violent Unravell  Hex/Tmut       #.........   45%         4    ###....
 Confuse                  Hex            #.......     54%         3    None
 Regeneration             Chrm/Necr      #.........   54%         3    None
 Spider Form              Tmut/Pois      #.........   54%         3    None
 Vampiric Draining        Necr           #.........   54%         3    None
 Bolt of Draining         Conj/Necr      ##........   65%         5    #####..
 Animate Dead             Necr           N/A          91%         4    ###....
 Cause Fear               Hex            #.........   91%         4    ###....
 Ice Form                 Ice/Tmut       #.......     91%         4    ###....
 Petrify                  Tmut/Erth      #.......     91%         4    ###....
 Blade Hands              Tmut           #.........   99%         5    #####..
 Metabolic Englaciation   Hex/Ice        #.........   99%         5    #####..
 Piercing Shot            Chrm           #.........   99%         5    #####..
 Silence                  Hex/Air        #.........   99%         5    #####..
 Deflect Missiles         Chrm/Air       #.........   100%        6    ######.
 Discord                  Hex            #.........   100%        8    #######


Dungeon Overview and Level Annotations

Branches:
Dungeon (11/12)            Temple (1/1) D:7            Lair (0/6) D:8
    Orc (1/1) D:11            Elf (0/3) Orc          Vaults (0/3) D:11

Altars:
Ashenzari
Cheibriados
Dithmenos
Elyvilon
Fedhas
Gozag
Hepliaklqana
Kikubaaqudgha
Lugonu
Makhleb
Nemelex Xobeh
Okawaru
Qazlal
Ru
Sif Muna
Trog
Uskayaw
Vehumet
Wu Jian
Xom
Yredelemnul
Zin
The Shining One

Shops:
D:4 ?:}*(   Orc *

Annotations:
D:5 2 runed translucent doors, MisterOstroum's ghost, amateur FoAc
D:6 1 runed translucent door, dracos369's ghost, novice FrAE
D:7 3 runed translucent doors, Lexodia's ghost, novice MiAc
D:11 exclusion: door


Innate Abilities, Weirdness & Mutations

You are small and have problems with some larger weapons.
You cover ground slowly.
Armour does not affect your spellcasting.


Message History

* * * LOW HITPOINT WARNING * * *
You block the sixfirhy's attack.
You hear a distant blaring wail to the north.
The sixfirhy hits you but does no damage.
You block the sixfirhy's attack.
Your extra speed is starting to run out.
The sixfirhy barely misses you. The sixfirhy closely misses you.
You block the sixfirhy's attack.
The sixfirhy hits you but does no damage.
The orc jeers to no one in particular.
The orc high priest mumbles some strange prayers to Beogh.
The sixfirhy disappears in a puff of smoke!
The sixfirhy hits you but does no damage.
The sixfirhy hits you!
* * * LOW HITPOINT WARNING * * *
The sixfirhy shocks you. You resist.
* * * LOW HITPOINT WARNING * * *
You feel yourself slow down. The sixfirhy hits you!
You die...

##.###o#....)[..... ##
#.h......#..#.. ####
##h#........... ##..##
###.###...##.#.. ##....#
##...###...# ..#. # ##.....####
##....#.##.#.....#
###.........####......##.###.#...
^#...........##.3........# ##
#............#.>@........#
.............#...........#
............##.)....#.....#
.....#.....)).......###.....
....#.#............## .....
...######....).....# #....
.....##.##..(.....## ....
...........∩.......#
...........(..........


You could see a sixfirhy and a warg.

Vanquished Creatures
  2 hydras
  3 two-headed ogres
  A dancing weapon (D:11)
  A harpy (D:11)
  3 cyclopes
  An ugly thing (D:10)
  A deep elf mage (D:11)
  A manticore (D:10)
  Joseph (D:7)
  3 centaur zombies
  A yaktaur (D:10)
  A troll (D:7)
  A wolf spider simulacrum (D:8)
  A hornet (D:9)
  3 slime creatures (D:11)
  A hippogriff (D:10)
  2 shadows
  14 yaks
  4 wargs
  Edmund (D:6)
  An acid dragon (D:10)
  A water moccasin (D:8)
  Duvessa (D:5)
  5 sky beasts
  A phantom (D:6)
  13 orc warriors
  A black bear (D:9)
  9 ogres
  4 centaurs
  6 bullfrogs
  A big kobold (D:6)
  Dowan (D:5)
  8 scorpions
  3 killer bees (D:9)
  A howler monkey (D:4)
  8 crimson imps
  2 quasits
  6 jellies
  14 orc priests
  3 hounds
  A centaur skeleton (D:3)
  Jessica (D:2)
  3 iguanas
  12 orc wizards
  3 worker ants
  A howler monkey zombie (D:7)
  7 adders
  4 gnolls (D:7)
  3 shadow imps
  2 oozes
  6 worms
  5 dart slugs
  4 leopard geckos
  49 orcs
  A ball python (D:1)
  2 giant cockroaches
  4 goblins
  10 hobgoblins
  2 jackals (D:3)
  3 quokkas
  5 bats
  3 frilled lizards
  15 kobolds
  6 rats
287 creatures vanquished.

Notes
Turn   | Place    | Note
-------+----------+-------------------------------------------
     0 | D:1      | Chiseanne the Sand Dwarf Archaeologist began the quest for
                  | the Orb.
     0 | D:1      | Reached XP level 1. HP: 16/16 MP: 1/1
    67 | D:1      | Reached XP level 2. HP: 15/25 MP: 2/2
   561 | D:1      | Reached XP level 3. HP: 31/31 MP: 3/3
   729 | D:1      | Found a sparkling altar of Nemelex Xobeh.
   859 | D:2      | Reached skill level 1 in Short Blades
  1310 | D:2      | Reached XP level 4. HP: 33/38 MP: 4/4
  1501 | D:2      | Noticed Jessica
  1524 | D:2      | Killed Jessica
  2032 | D:3      | Reached XP level 5. HP: 42/45 MP: 5/5
  2600 | D:3      | Reached skill level 5 in Short Blades
  2991 | D:4      | Found Muawaduh's Book Boutique.
  3007 | D:4      | Found Abrur's Magic Scroll Boutique.
  3011 | D:4      | Noticed an orc warrior
  3027 | D:3      | Killed an orc warrior
  3027 | D:3      | Reached XP level 6. HP: 23/51 MP: 6/6
  3460 | D:4      | Bought a scroll of identify for 24 gold pieces
  3460 | D:4      | Bought a scroll of identify for 24 gold pieces
  3460 | D:4      | Bought a scroll of identify for 24 gold pieces
  3460 | D:4      | Bought a scroll of identify for 24 gold pieces
  3521 | D:4      | Reached XP level 7. HP: 34/57 MP: 7/7
  3796 | D:4      | Found Kufef's Weapon Emporium.
  3926 | D:4      | Found a shimmering altar of Xom.
  3948 | D:4      | Reached skill level 5 in Armour
  3952 | D:4      | Found Noxoutz's General Store.
  3988 | D:4      | Reached XP level 8. HP: 63/63 MP: 8/8
  4050 | D:4      | Found Fahub's Gadget Shop.
  4298 | D:4      | Found a sacrificial altar of Ru.
  4339 | D:5      | Entered Level 5 of the Dungeon
  4603 | D:5      | Noticed Dowan
  4604 | D:5      | Noticed Duvessa
  4618 | D:5      | Killed Dowan
  4625 | D:5      | Killed Duvessa
  4787 | D:5      | Found a large runed translucent door.
  4788 | D:5      | Found a large runed translucent door.
  4788 | D:5      | Noticed MisterOstroum's ghost (amateur FoAc)
  4848 | D:5      | Reached XP level 9. HP: 66/70 MP: 9/9
  5638 | D:5      | Reached skill level 1 in Spellcasting
  5846 | D:6      | Found a snail-covered altar of Cheibriados.
  5873 | D:6      | Reached skill level 1 in Shields
  5876 | D:6      | Found Noimm's Jewellery Shoppe.
  5932 | D:6      | Reached skill level 2 in Shields
  6175 | D:6      | Found a runed translucent door.
  6176 | D:6      | Noticed dracos369's ghost (novice FrAE)
  6211 | D:6      | Reached skill level 3 in Shields
  6222 | D:6      | Got an ivory dagger
  6227 | D:6      | Identified the +0 dagger of the Insatiable Gods {speed,
                  | rPois rF- Str+10 Dex-5} (You found it on level 6 of the
                  | Dungeon)
  6321 | D:6      | Noticed Edmund
  6343 | D:6      | Killed Edmund
  6413 | D:6      | Reached skill level 4 in Shields
  6754 | D:7      | Found a runed translucent gate.
  6754 | D:7      | Found a runed translucent gate.
  6756 | D:7      | Found a runed translucent gate.
  6756 | D:7      | Found an opulent altar of Gozag.
  6756 | D:7      | Noticed a freezing wraith
  6756 | D:7      | Noticed Lexodia's ghost (novice MiAc)
  6815 | D:7      | Found a staircase to the Ecumenical Temple.
  6817 | D:7      | Reached skill level 5 in Shields
  6825 | Temple   | Entered the Ecumenical Temple
  6899 | Temple   | Became a worshipper of Vehumet
  6945 | D:7      | Noticed Joseph
  6953 | D:7      | Killed Joseph
  7024 | D:7      | Noticed a troll
  7033 | D:7      | Killed a troll
  7033 | D:7      | Reached skill level 6 in Shields
  7126 | D:7      | Reached XP level 10. HP: 77/77 MP: 15/15
  7375 | D:8      | Found a staircase to the Lair.
  7498 | D:8      | Noticed a four-headed hydra
  7506 | D:8      | Killed a four-headed hydra
  7506 | D:8      | Reached skill level 7 in Shields
  7506 | D:8      | Reached skill level 5 in Spellcasting
  7874 | D:8      | Found an opulent altar of Gozag.
  7907 | D:8      | Reached skill level 8 in Shields
  7914 | D:8      | Reached * piety under Vehumet
  7914 | D:8      | Offered knowledge of Sandblast by Vehumet.
  8203 | D:9      | Reached XP level 11. HP: 78/82 MP: 21/21
  8258 | D:9      | Reached skill level 9 in Shields
  8305 | D:9      | Offered knowledge of Magic Dart by Vehumet.
  8310 | D:9      | Reached ** piety under Vehumet
  8597 | D:10     | Entered Level 10 of the Dungeon
  8621 | D:10     | Noticed a cyan ugly thing
  8637 | D:10     | Killed a cyan ugly thing
  8669 | D:10     | Noticed a two-headed ogre
  8675 | D:10     | Killed a two-headed ogre
  8675 | D:10     | Reached skill level 10 in Shields
  8967 | D:10     | Noticed a manticore
  8975 | D:10     | Killed a manticore
  8980 | D:10     | Offered knowledge of Ignite Poison by Vehumet.
  9017 | D:10     | Noticed a two-headed ogre
  9024 | D:10     | Killed a two-headed ogre
  9561 | D:11     | Found a staircase to the Orcish Mines.
  9568 | D:11     | Reached *** piety under Vehumet
  9626 | D:11     | Noticed an eight-headed hydra
  9640 | D:11     | Killed an eight-headed hydra
  9640 | D:11     | Reached skill level 11 in Shields
  9684 | D:11     | Noticed a deep elf mage
  9697 | D:11     | Killed a deep elf mage
  9697 | D:11     | Reached XP level 12. HP: 33/89 MP: 25/25
  9806 | D:11     | Learned a level 3 spell: Dazzling Spray
  9905 | D:11     | Noticed Sonja
  9906 | D:11     | Noticed Sonja
  9906 | D:11     | Sonja changed into Sonja the warg
  9911 | D:11     | Killed Sonja the warg
 10033 | D:11     | Offered knowledge of Iskenderun's Mystic Blast by Vehumet.
 10041 | D:11     | Learned a level 3 spell: Iskenderun's Mystic Blast
 10128 | D:11     | Noticed a two-headed ogre
 10135 | D:11     | Killed a two-headed ogre
 10160 | D:11     | Found a gate to the Vaults.
 10437 | D:11     | Reached skill level 1 in Conjurations
 10447 | D:11     | HP: 4/89 [harpy (19)]
 10711 | D:11     | Reached skill level 10 in Spellcasting
 10895 | Orc      | Entered the Orcish Mines
 11063 | Orc      | Found Comisch's General Store.
 11070 | Orc      | Found a staircase to the Elven Halls.
 11076 | Orc      | Reached **** piety under Vehumet
 11137 | Orc      | Bought a scroll of fog for 30 gold pieces
 11137 | Orc      | Bought a potion of ambrosia for 120 gold pieces
 11137 | Orc      | Bought a scroll of identify for 30 gold pieces
 11162 | Orc      | Offered knowledge of Sticky Flame by Vehumet.
 11174 | Orc      | Learned a level 4 spell: Sticky Flame
 11309 | Orc      | Reached skill level 12 in Shields
 11315 | Orc      | Noticed an orc high priest
 11316 | Orc      | Noticed an orc high priest
 11319 | Orc      | Noticed an orc high priest
 11454 | Orc      | Noticed a sun demon
 11466 | Orc      | Noticed a soul eater
 11487 | Orc      | HP: 3/89 [soul eater/drain life[an orc high priest] (17)]
 11532 | Orc      | HP: 4/89 [sixfirhy[an orc high priest] (8)]
 11532 | Orc      | HP: 1/89 [sixfirhy[an orc high priest] (3)]
 11533 | Orc      | Mangled by a sixfirhy

Skill      XL: |  1  2  3  4  5  6  7  8  9 10 11 12 |
---------------+-------------------------------------+-----
Fighting       | 2 3 |  3.4
Short Blades   | 2 4 6 7 |  7.8
Armour         | 2 5 8 9 |  9.1
Spellcasting   | 3 6 9 10 | 10.3
Shields        | 6 8 11 12 | 12.0
Conjurations   | 2 |  2.5
Dodging        | |  2.4
Stealth        | |  2.4

Action                   |  1- 3 |  4- 6 |  7- 9 | 10-12 || total
-------------------------+-------+-------+-------+-------++-------
Melee: Unarmed           |    44 |     3 |       |       ||    47
       Club              |   198 |   264 |       |       ||   462
       Dagger            |       |    19 |    55 |    45 ||   119
       Rapier            |       |    16 |   219 |   388 ||   623
Throw: Tomahawk          |       |     2 |       |       ||     2
 Cast: Iskenderun's Myst |       |       |       |    19 ||    19
Evoke: Wand              |       |       |       |    12 ||    12
       Lightning rod     |       |       |       |     4 ||     4
       Sack of spiders   |       |       |       |     1 ||     1
  Use: Scroll            |     2 |    10 |     9 |     8 ||    29
       Potion            |       |     2 |     2 |    10 ||    14
 Stab: Sleeping          |       |       |       |     6 ||     6
  Eat: Chunk             |     2 |     8 |    10 |    16 ||    36
       Ration            |       |       |     1 |       ||     1
Armor: Robe              |     3 |       |       |       ||     3
       Ring mail         |    74 |       |       |       ||    74
       Chain mail        |    22 |   218 |   152 |       ||   392
       Troll leather arm |       |       |       |   150 ||   150
Dodge: Dodged            |   176 |   181 |    74 |   188 ||   619
Block: Shield            |       |       |    44 |   251 ||   295
